 Dungeon Crawl Stone Soup version 0.29-a0-319-gad05b8d819 (webtiles) character file.

Game seed: 13310210791664700903

3645 chopper the Blocker (level 10, -5/81 HPs)
             Began as a Gnoll Fighter on Apr 1, 2022.
             Was a Believer of Elyvilon.
             Slain by a wyvern (14 damage)
             ... on level 9 of the Dungeon on Apr 2, 2022.
             The game lasted 01:35:42 (12368 turns).

chopper the Blocker (Gnoll Fighter)                Turns: 12368, Time: 01:35:47

Health: -5/81      AC: 19    Str: 17    XL:     10   Next: 12%
Magic:  17/17      EV:  9    Int:  8    God:    Elyvilon [**....]
Gold:   184        SH:  6    Dex: 14    Spells: 19/19 levels left

rFire   . . .      SeeInvis .   a - +0 war axe
rCold   . . .      Faith    .   c - +0 buckler
rNeg    . . .      Spirit   .   L - +3 chain mail
rPois   .          Reflect  .   E - +0 helmet
rElec   .          Harm     .   I - +0 cloak
rCorr   .          Rampage  .   w - +0 pair of gloves
Will    +....                   p - +0 pair of boots
Stlth   ..........              (no amulet)
HPRegen 0.23/turn               M - ring of willpower
MPRegen 0.15/turn               o - ring of wizardry

@: no status effects
A: fangs 1, strong nose, distributed training
a: Renounce Religion, Purification, Heal Other


You were on level 9 of the Dungeon.
You worshipped Elyvilon.
Elyvilon was pleased with you.
You visited 2 branches of the dungeon, and saw 10 of its levels.

You collected 379 gold pieces.
You spent 195 gold pieces at shops.

Inventory:

Hand Weapons
 a - a +0 war axe (weapon)
 d - a +3 rapier of freezing
 f - a +2 dagger of protection
 n - the +7 dagger of Melee {freeze, Drain rPois Will+}
   (You found it on level 6 of the Dungeon)

   It freezes those it strikes, dealing additional cold damage.
   It can also slow down cold-blooded creatures.
   rPois:     It protects you from poison.
   Drain:     It drains your maximum health when unequipped.
   Will:      It increases your willpower.
 N - a +1 hand crossbow of freezing
Missiles
 u - 21 poisoned darts (quivered)
Armour
 c - a +0 buckler (worn)
 l - an orb of guile
 p - a +0 pair of boots (worn)
 w - a +0 pair of gloves (worn)
 E - a +0 helmet (worn)
 I - a +0 cloak (worn)
 L - a +3 chain mail (worn)
Jewellery
 b - the ring "Cilogie" {Str-5 Int+4 Slay+4}
   (You took it off an orc priest on level 5 of the Dungeon)

   [ring of slaying]

   Str:       It affects your strength (-5).
   Int:       It affects your intelligence (+4).
   Slay:      It affects your accuracy & damage with ranged weapons and melee
   (+4).
 m - a ring of flight
 o - a ring of wizardry (right hand)
 v - a ring of wizardry
 C - a ring of resist corrosion
 J - a +6 ring of intelligence
 M - a ring of willpower (left hand)
Wands
 q - a wand of flame (7)
Scrolls
 t - 2 scrolls of immolation
 y - 2 scrolls of amnesia
 A - 2 scrolls of noise {unknown}
 F - a scroll of fog {unknown}
Potions
 e - a potion of ambrosia
 i - a potion of cancellation {unknown}
 j - a potion of haste
 k - a potion of flight {unknown}
 s - a potion of attraction {unknown}
 x - a potion of resistance
 z - 2 potions of degeneration {unknown}
 B - a potion of curing {unknown}
 D - a potion of lignification {unknown}
 G - 2 potions of invisibility
 H - a potion of brilliance {unknown}
Miscellaneous
 O - a tin of tremorstones (inert)


   Skills:
 + Level 8.3 Fighting
 + Level 5.0 Short Blades
 + Level 5.0 Long Blades
 + Level 6.8 Axes
 + Level 5.0 Maces & Flails
 + Level 5.0 Polearms
 + Level 5.0 Staves
 + Level 5.0 Slings
 + Level 5.0 Bows
 + Level 5.0 Crossbows
 + Level 5.0 Throwing
 + Level 8.3 Armour
 + Level 5.0 Dodging
 + Level 5.0 Stealth
 + Level 8.3 Shields
 + Level 5.0 Unarmed Combat
 + Level 5.0 Spellcasting
 + Level 4.1 Conjurations
 + Level 4.1 Hexes
 + Level 4.1 Summonings
 + Level 4.1 Necromancy
 + Level 4.1 Translocations
 + Level 4.1 Transmutations
 + Level 4.1 Fire Magic
 + Level 4.1 Ice Magic
 + Level 4.1 Air Magic
 + Level 4.1 Earth Magic
 + Level 4.1 Poison Magic
 + Level 5.4 Invocations
 + Level 5.0 Evocations


You had 19 spell levels left.
You didn't know any spells.
Your spell library contained the following spells:

 Spells                   Type           Power      Damage    Failure   Level
 Sting                    Tmut/Pois      32%        1d4       26%         1
 Poisonous Vapours        Pois/Air       16%        N/A       36%         2
 Olgreb's Toxic Radiance  Pois           8%         N/A       92%         4
 Freezing Cloud           Conj/Ice/Air   4%         6-21      99%         5
 Death Channel            Necr           4%         N/A       100%        6


Dungeon Overview and Level Annotations

Branches:
Dungeon (9/15)             Temple (1/1) D:6
   Lair: D:8-11         Orc: D:9-12

Altars:
Ashenzari
Elyvilon
Fedhas
Gozag
Makhleb
Ru
Sif Muna
Trog
Uskayaw
Yredelemnul
Zin
The Shining One

Shops:
D:5 *!

Annotations:
D:9 Maggie


Innate Abilities, Weirdness & Mutations

You have very sharp teeth.
Your uncanny sense of smell can sniff out nearby items.
Your experience applies equally to all skills.


Message History

Your Polearms skill increases to level 5!
Your Staves skill increases to level 5!
Your Slings skill increases to level 5!
Your Bows skill increases to level 5!
Your Crossbows skill increases to level 5!
Your Throwing skill increases to level 5!
Your Dodging skill increases to level 5!
Your Stealth skill increases to level 5!
Your Unarmed Combat skill increases to level 5!
Your Spellcasting skill increases to level 5!
Your Evocations skill increases to level 5!
You start resting.
A wyvern comes into view.
A centaur comes into view.
Found 14 gold pieces.
The wyvern hisses angrily.
The centaur shouts!
You hear a shout!
The centaur wields a +0 shortbow.
The centaur shoots an arrow.
The arrow hits you.
* * * LOW HITPOINT WARNING * * *
The centaur shoots an arrow.
The arrow hits you but does no damage.
Maggie the Vainglorious comes into view.
She is wielding a +2 glaive of flaming.
The centaur shoots an arrow.
The arrow barely misses you.
There is a stone staircase leading up here.
You climb upwards.
You can now heal and attempt to pacify others.
The two-headed ogre shouts in stereo!
The kobold brigand shouts!
The kobold shouts!
You hear a shout! x2
The two-headed ogre barely misses you. x2
A kobold comes into view. It is wielding a +0 dagger.
You block the kobold's attack.
Found a stone staircase leading up.
There is a stone staircase leading down here.
You block the kobold brigand's attack. The kobold hits you but does no damage.
You climb downwards.
You hear the roar of battle.
There is an entrance to a bailey on this level.
Hurry and find it before the portal closes forever!
Level annotation: Maggie The wyvern bites you but does no damage.
The centaur shoots an arrow.
The arrow hits you.
* * * LOW HITPOINT WARNING * * *
The wyvern bites you!
You die...

###############
.........$....#
..............#
..............#
..............#
.......OK.....#
.......@K.....#
#####.l...)...####
#..c..........
#@............
#.....<.......
#.#######..... #.
.... #. ... ..


You could see Maggie, a two-headed ogre, a wyvern, a kobold brigand, a centaur
and a kobold.

Vanquished Creatures
  A gargoyle (D:7)
  A troll (D:6)
  Grinder (D:3)
  A slime creature (D:7)
  A wraith (D:7)
  2 wyverns
  2 steam dragons
  A water moccasin (D:7)
  An orc warrior (D:6)
  A sky beast (D:6)
  3 black bears
  An ice beast (D:7)
  An ogre (D:5)
  A centaur (D:9)
  A phantom (D:6)
  2 kobold brigands
  3 bullfrogs
  A scorpion (D:4)
  A wight (D:7)
  4 killer bees (D:6)
  A jelly (D:5)
  2 hounds
  2 orc priests
  An iguana (D:4)
  6 orc wizards
  Robin (D:2)
  6 adders
  2 shadow imps (D:7)
  3 white imps
  An ufetubus (D:5)
  A worm (D:5)
  A dart slug (D:5)
  27 orcs
  5 bats
  7 endoplasms
  4 giant cockroaches
  11 goblins
  13 hobgoblins
  5 jackals
  11 kobolds
  3 quokkas
  6 ball pythons
  6 frilled lizards
  3 rats (D:1)
158 creatures vanquished.

Vanquished Creatures (others)
  A plant (D:6)
1 creature vanquished.

Grand Total: 159 creatures vanquished

Notes
Turn   | Place    | Note
-------+----------+-------------------------------------------
     0 | D:1      | chopper the Gnoll Fighter began the quest for the Orb.
     0 | D:1      | Reached XP level 1. HP: 23/23 MP: 1/1
   124 | D:1      | Found a glowing silver altar of Zin.
   132 | D:1      | Reached XP level 2. HP: 25/29 MP: 2/2
   549 | D:1      | Found a faded altar of an unknown god.
   556 | D:1      | Reached XP level 3. HP: 32/35 MP: 3/3
  1082 | D:2      | Got Sif Muna's Almanac of Glacial Black Rites
  1325 | D:2      | Reached skill level 1 in Invocations
  1379 | D:2      | Noticed Robin
  1389 | D:2      | Reached skill level 1 in Short Blades
  1389 | D:2      | Reached skill level 1 in Long Blades
  1389 | D:2      | Reached skill level 1 in Maces & Flails
  1389 | D:2      | Reached skill level 1 in Polearms
  1389 | D:2      | Reached skill level 1 in Staves
  1389 | D:2      | Reached skill level 1 in Slings
  1389 | D:2      | Reached skill level 1 in Bows
  1389 | D:2      | Reached skill level 1 in Crossbows
  1389 | D:2      | Reached skill level 1 in Throwing
  1389 | D:2      | Reached skill level 1 in Dodging
  1389 | D:2      | Reached skill level 1 in Stealth
  1389 | D:2      | Reached skill level 1 in Unarmed Combat
  1389 | D:2      | Reached skill level 1 in Spellcasting
  1389 | D:2      | Reached skill level 1 in Evocations
  1418 | D:1      | Reached XP level 4. HP: 31/41 MP: 5/5
  1508 | D:2      | Killed Robin
  2152 | D:3      | Noticed Grinder
  2160 | D:3      | Killed Grinder
  2161 | D:3      | Reached skill level 1 in Conjurations
  2161 | D:3      | Reached skill level 1 in Hexes
  2161 | D:3      | Reached skill level 1 in Summonings
  2161 | D:3      | Reached skill level 1 in Necromancy
  2161 | D:3      | Reached skill level 1 in Translocations
  2161 | D:3      | Reached skill level 1 in Transmutations
  2161 | D:3      | Reached skill level 1 in Fire Magic
  2161 | D:3      | Reached skill level 1 in Ice Magic
  2161 | D:3      | Reached skill level 1 in Air Magic
  2161 | D:3      | Reached skill level 1 in Earth Magic
  2161 | D:3      | Reached skill level 1 in Poison Magic
  2161 | D:3      | Reached XP level 5. HP: 41/47 MP: 5/7
  2161 | D:3      | Reached XP level 6. HP: 46/53 MP: 5/8
  2709 | D:4      | Reached skill level 5 in Axes
  3442 | D:4      | Found an opulent altar of Gozag.
  3443 | D:4      | Found a glowing golden altar of the Shining One.
  3443 | D:4      | Found a broken altar of Ashenzari.
  3444 | D:4      | Found a blossoming altar of Fedhas.
  3474 | D:4      | Reached XP level 7. HP: 56/59 MP: 10/10
  3700 | D:5      | Entered Level 5 of the Dungeon
  4132 | D:5      | Found Koynumon's General Store.
  4421 | D:5      | Bought 2 potions of heal wounds for 130 gold pieces
  4999 | D:5      | Identified the ring "Cilogie" {Str-5 Int+4 Slay+4}
  5412 | D:5      | Found a basalt altar of Yredelemnul.
  5430 | D:5      | Reached XP level 8. HP: 67/67 MP: 12/12
  5803 | D:5      | Found Bilumm's Distillery.
  5806 | D:5      | Bought a potion of heal wounds for 65 gold pieces
  6205 | D:6      | Found a staircase to the Ecumenical Temple.
  6340 | Temple   | Entered the Ecumenical Temple
  6352 | Temple   | Became a worshipper of Elyvilon the Healer
  6469 | D:6      | Identified the +7 dagger of Melee {freeze, Drain rPois
                  | Will+}
  6641 | D:6      | Found a shimmering blue altar of Sif Muna.
  7269 | D:6      | Upgraded the game from 0.29-a0-284-gf9362112df to
                  | 0.29-a0-319-gad05b8d819
  7735 | D:7      | Reached * piety under Elyvilon
  7967 | D:7      | Reached XP level 9. HP: 54/72 MP: 14/14
  8562 | D:7      | Noticed a troll
  8595 | D:6      | Killed a troll
  9561 | D:7      | Noticed a gargoyle
  9824 | D:7      | Killed a gargoyle
  9825 | D:7      | Reached skill level 5 in Invocations
 10138 | D:7      | Noticed a six-headed hydra
 11535 | D:7      | Reached XP level 10. HP: 28/80 MP: 17/17
 12354 | D:9      | Reached skill level 5 in Short Blades
 12354 | D:9      | Reached skill level 5 in Long Blades
 12354 | D:9      | Reached skill level 5 in Maces & Flails
 12354 | D:9      | Reached skill level 5 in Polearms
 12354 | D:9      | Reached skill level 5 in Staves
 12354 | D:9      | Reached skill level 5 in Slings
 12354 | D:9      | Reached skill level 5 in Bows
 12354 | D:9      | Reached skill level 5 in Crossbows
 12354 | D:9      | Reached skill level 5 in Throwing
 12354 | D:9      | Reached skill level 5 in Dodging
 12354 | D:9      | Reached skill level 5 in Stealth
 12354 | D:9      | Reached skill level 5 in Unarmed Combat
 12354 | D:9      | Reached skill level 5 in Spellcasting
 12354 | D:9      | Reached skill level 5 in Evocations
 12363 | D:9      | Noticed Maggie
 12366 | D:8      | Noticed a two-headed ogre
 12366 | D:8      | Reached ** piety under Elyvilon
 12368 | D:9      | Slain by a wyvern

Illustrated notes

Levels and vault maps discovered:
D:1:      dpeg_arrival_three_same_balls, layout_rooms,
          chequers_ecumenical_altar_simple_redux, kennysheep_flooded_box,
          amethyst_killhole
D:2:      layout_loops_corners, uniq_robin
D:3:      layout_rooms, grunt_ministairs_9, uniq_grinder
D:4:      layout_gridville, chequers_temple_overflow_statue_of_worship
D:5:      layout_cave_pods, lemuel_round_altar, serial_shops, shop,
          nicolae_shop_behind_doors
D:6:      layout_basic, mainiacjoe_overflow_boulevard,
          minmay_temple_entry_overgrown
D:7:      minmay_the_grid_octo_tiled_octocenter [minmay_the_grid_octo_focus,
          minmay_the_grid_octo_fat_diamond, minmay_the_grid_octo_shrine,
          minmay_the_grid_octo_toaster,
          minmay_the_grid_octo_prize_single_spiral,
          minmay_the_grid_square_5x5_c, minmay_the_grid_square_5x5_inner_z,
          minmay_the_grid_square_5x5_beaten_path,
          minmay_the_grid_square_5x5_two_small], layout_loops_ring
D:8:      layout_rooms, amethyst_overflow_temple_binary
D:9:      erik_cavepeople, layout_small_grid, enter_bailey_5, uniq_maggie
Temple:   dshaligram_water_room_temple

Skill      XL: |  1  2  3  4  5  6  7  8  9 10 |
---------------+-------------------------------+-----
Invocations    | 1 2 3 4 5 |  5.4
Short Blades   | 1 2 3 4 5 |  5.0
Long Blades    | 1 2 3 4 5 |  5.0
Maces & Flails | 1 2 3 4 5 |  5.0
Polearms       | 1 2 3 4 5 |  5.0
Staves         | 1 2 3 4 5 |  5.0
Slings         | 1 2 3 4 5 |  5.0
Bows           | 1 2 3 4 5 |  5.0
Crossbows      | 1 2 3 4 5 |  5.0
Throwing       | 1 2 3 4 5 |  5.0
Dodging        | 1 2 3 4 5 |  5.0
Stealth        | 1 2 3 4 5 |  5.0
Unarmed Combat | 1 2 3 4 5 |  5.0
Spellcasting   | 1 2 3 4 5 |  5.0
Evocations     | 1 2 3 4 5 |  5.0
Conjurations   | 1 2 3 4 |  4.1
Hexes          | 1 2 3 4 |  4.1
Summonings     | 1 2 3 4 |  4.1
Necromancy     | 1 2 3 4 |  4.1
Translocations | 1 2 3 4 |  4.1
Transmutations | 1 2 3 4 |  4.1
Fire Magic     | 1 2 3 4 |  4.1
Ice Magic      | 1 2 3 4 |  4.1
Air Magic      | 1 2 3 4 |  4.1
Earth Magic    | 1 2 3 4 |  4.1
Poison Magic   | 1 2 3 4 |  4.1
Axes           | 5 6 |  6.8
Fighting       | 7 8 |  8.3
Armour         | 7 8 |  8.3
Shields        | 7 8 |  8.3

Action                   |  1- 3 |  4- 6 |  7- 9 | 10-12 || total
-------------------------+-------+-------+-------+-------++-------
Melee: War axe           |    96 |   112 |   327 |    17 ||   552
       Bite              |     7 |    10 |    50 |     4 ||    71
       Rapier            |       |       |    61 |     3 ||    64
Throw: Javelin           |       |       |    55 |     1 ||    56
       Dart              |       |       |     3 |       ||     3
Evoke: Wand              |       |       |    16 |     1 ||    17
       Tin of tremorston |       |       |     1 |     1 ||     2
  Use: Scroll            |       |     4 |     7 |     4 ||    15
       Potion            |       |       |     9 |       ||     9
Armor: Scale mail        |    50 |    65 |    52 |       ||   167
       Chain mail        |       |       |   345 |    28 ||   373
Dodge: Dodged            |    59 |    60 |   215 |    19 ||   353
Block: Buckler           |    43 |    37 |   156 |    15 ||   251

Table legend: (Time is in decaauts)
 A = Elapsed time spent in this place.
 B = Non-inter-level travel time spent in this place.
 C = Inter-level travel time spent in this place.
 D = Time resting spent in this place.
 E = Time spent auto-exploring this place.
 F = Levels seen in this place.
 G = Mean time per level.
                   A        B        C        D        E       F      G
               +--------+--------+--------+--------+--------+-----+--------+
         Total |  12523 |  12523 |      0 |   3509 |      0 |  10 | 1252.3 |
       Dungeon |  12498 |  12498 |      0 |   3509 |      0 |   9 | 1388.7 |
        Temple |     24 |     24 |      0 |      0 |      0 |   1 |   24.0 |
               +--------+--------+--------+--------+--------+-----+--------+

Top non-repeatable levels by time:
     D:6: 3371 daAuts
     D:7: 2425 daAuts
     D:5: 2396 daAuts
     D:4: 1144 daAuts
     D:2: 1090 daAuts
     D:1: 995 daAuts
     D:3: 662 daAuts
     D:8: 396 daAuts
  Temple: 24 daAuts
     D:9: 16 daAuts
